 Dungeon Crawl Stone Soup version 0.32-a0-837-g8d3e27d251 (webtiles) character file.

Game seed: 7411134536627379322

20 Essalna the Digger (level 2, -2/21 HPs)
             Began as a Demonspawn Earth Elementalist on Mar 26, 2024.
             Slain by a ball python (3 damage)
             ... on level 2 of the Dungeon.
             The game lasted 00:00:32 (219 turns).

Essalna the Digger (Demonspawn Earth Elementalist)   Turns: 219, Time: 00:00:32

Health: -2/21      AC:  2    Str:  8    XL:     2   Next: 58%
Magic:  2/5        EV:  1    Int: 15    God:
Gold:   19         SH:  0    Dex: 13    Spells: 4/5 levels left

rFire   . . .        f - +0 dagger
rCold   . . .        (no shield)
rNeg    . . .        a - +0 robe
rPois   .            (no helmet)
rElec   .            (no cloak)
rCorr   .            (no gloves)
SInv    .            (no boots)
Will    .....        (no amulet)
Stlth   ++           (no ring)
HPRegen 0.23/turn    (no ring)
MPRegen 0.09/turn

%: no passive effects
@: constricted
A: demonic touch 1
a: no special abilities


You were on level 2 of the Dungeon.
You visited 1 branch of the dungeon, and saw 2 of its levels.

You collected 19 gold pieces.

Inventory:

Hand Weapons
 f - a +0 dagger (weapon)
Armour
 a - a +0 robe (worn)
Scrolls
 c - a scroll of fear {unknown}
 d - 2 scrolls of identify {unknown}
 e - a scroll of blinking {unknown}
Potions
 b - a potion of magic


   Skills:
 + Level 1.0 Fighting
 - Level 1.7 Dodging
 - Level 1.7 Stealth
 + Level 2.2 Spellcasting
 + Level 1.5 Conjurations
 + Level 2.9 Earth Magic


You had 4 spell levels left.
You knew the following spells:

 Your Spells              Type           Power      Damage    Failure   Level
a - Sandblast             Erth           20%        2d7       6%          1

Your spell library contained the following spells:

 Spells                   Type           Power      Damage    Failure   Level
 Passwall                 Erth           10%        N/A       19%         3
 Stone Arrow              Conj/Erth      16%        3d8       26%         3
 Brom's Barrelling Bould  Conj/Erth      8%         2d3       65%         4
 Petrify                  Alch/Erth      6%         N/A       75%         4


Dungeon Overview and Level Annotations

Branches:
Dungeon (2/15)

Altars:

Annotations:
D:2 Sigmund


Innate Abilities, Weirdness & Mutations

Your touch may inflict minor irresistible damage on your foes.


Message History

The gnoll shouts!
You hit the gnoll.
You kill the gnoll!
The bat hits you.
* * * LOW HITPOINT WARNING * * *
The bat hits you but does no damage.
Sigmund the Dreaded comes into view.
He is wielding a +0 scythe.
You hit the bat. Your touch misses the bat.
The bat is heavily wounded.
The bat closely misses you. The ball python bites you.
* * * LOW HITPOINT WARNING * * *
The ball python grabs you. The ball python constricts you.
* * * LOW HITPOINT WARNING * * *
You hit the endoplasm.
The endoplasm is moderately wounded.
The ball python bites you.
* * * LOW HITPOINT WARNING * * *
The ball python constricts you. The endoplasm hits you.
* * * LOW HITPOINT WARNING * * *
You hit the endoplasm.
You touch the endoplasm.
You kill the endoplasm!
The ball python bites you but does no damage.
The ball python constricts you.
Your Fighting skill increases to level 1!
There are no items here.
There are no items here.
There are no items here.
There are no items here.
There are no items here.
There are no items here.
There are no items here.
There are no items here.
There are no items here.
There are no items here.
There are no items here.
There are no items here.
There are no items here.
The ball python completely misses you. The ball python constricts you.
The ball python bites you.
You die...

## ..# ### .# ..#
...# .. #.##...#
#? #..#...# #.
#...?..### .
#.##.#.......
....##..?.S#b..###
#....<..@ggg...#
#.......##g#@...
#.......# # .
#.......#
####..... ###.#.#
#.#.. #.##..


You could see Sigmund, 3 gnolls, a hobgoblin, a bat and a ball python.

Vanquished Creatures
  A gnoll (D:2)
  2 endoplasms
  2 goblins (D:1)
  2 ball pythons (D:1)
  A bat (D:1)
  A kobold (D:1)
  A rat (D:1)
10 creatures vanquished.

Notes
Turn   | Place    | Note
-------+----------+-------------------------------------------
     0 | D:1      | Essalna the Demonspawn Earth Elementalist began the quest
                  | for the Orb.
     0 | D:1      | Reached XP level 1. HP: 13/13 MP: 3/3
   204 | D:1      | Gained mutation: Your touch may inflict minor irresistible
                  | damage on your foes. [demonic ancestry]
   204 | D:1      | Reached XP level 2. HP: 20/20 MP: 1/5
   215 | D:2      | Noticed Sigmund
   217 | D:2      | HP: 1/20 [endoplasm (1)]
   219 | D:2      | Reached skill level 1 in Fighting
   219 | D:2      | Slain by a ball python

Illustrated notes

Levels and vault maps discovered:
D:1:      minmay_arrival_cross, layout_rooms, serial_glass, glass_columns_a,
          glass_columns_a, glass_columns_a, glass_columns_a, glass_columns_a,
          glass_columns_b, glass_columns_b, glass_columns_a
D:2:      layout_rooms, chequers_jeans, uniq_sigmund

Skill      XL: |  1  2 |
---------------+-------+-----
Fighting       | 1 |  1.0
Dodging        | |  1.7
Stealth        | |  1.7
Spellcasting   | |  2.2
Conjurations   | |  1.5
Earth Magic    | |  2.9

Action                     || total
---------------------------++-------
  Melee: Dagger            ||    11
         Touch             ||     2
   Cast: Sandblast         ||    10
 Armour: Robe              ||    17
  Dodge: Dodged            ||     7

Table legend: (Time is in decaauts)
 A = Elapsed time spent in this place.
 B = Non-inter-level travel time spent in this place.
 C = Inter-level travel time spent in this place.
 D = Time resting spent in this place.
 E = Time spent auto-exploring this place.
 F = Levels seen in this place.
 G = Mean time per level.
                   A        B        C        D        E       F      G
               +--------+--------+--------+--------+--------+-----+--------+
         Total |    223 |    222 |      1 |      0 |    155 |   2 |  111.5 |
       Dungeon |    223 |    222 |      1 |      0 |    155 |   2 |  111.5 |
               +--------+--------+--------+--------+--------+-----+--------+

Top non-repeatable levels by time:
     D:1: 213 daAuts
     D:2: 9 daAuts
